 Dungeon Crawl Stone Soup version 0.22.0 (webtiles) character file.

1213 Nurxa the Chopper (level 8, -7/49 HPs)
             Began as a Gargoyle Fighter on Aug 11, 2018.
             Was a Follower of Okawaru.
             Mangled by a freezing wraith (17 damage)
             ... on level 6 of the Dungeon.
             The game lasted 00:24:59 (4091 turns).

Nurxa the Chopper (Gargoyle Fighter)                Turns: 4091, Time: 00:24:59

Health: -7/49      AC: 23    Str: 21    XL:     8   Next: 46%
Magic:  6/8        EV: 12    Int: 10    God:    Okawaru [*.....]
Gold:   211        SH: 12    Dex:  9    Spells: 7/7 levels left

rFire    + . .     SeeInvis .   a - +0 war axe
rCold    . . .     Gourm    .   c - +0 shield
rNeg     + . .     Faith    .   b - +0 scale mail
rPois    ∞         Spirit   .   (no helmet)
rElec    +         Reflect  .   z - +2 cloak
rCorr    .         Harm     .   i - +1 pair of gloves
MR       .....                  (no boots)
Stlth    ++........             (no amulet)
HPRegen  0.16/turn              n - +3 ring of protection
MPRegen  0.11/turn              A - ring of protection from fire

@: heroism, slowed, very slow
A: negative energy resistance 1, electricity resistance, unbreathing,
petrification resistance, rot immunity, AC +5
a: Heroism, Renounce Religion


You were on level 6 of the Dungeon.
You worshipped Okawaru.
Okawaru was aware of your devotion.
You were hungry.

You visited 2 branches of the dungeon, and saw 7 of its levels.

You collected 211 gold pieces.

Inventory:

Hand Weapons
 a - a +0 war axe (weapon)
 e - a +4 hunting sling
 I - a -2 executioner's axe
Missiles
 g - 201 stones (quivered)
Armour
 b - a +0 scale mail (worn)
 c - a +0 shield (worn)
 i - a +1 pair of gloves (worn)
 w - a +0 plate armour
 z - a +2 cloak (worn)
Jewellery
 h - an uncursed ring of ice
 n - a +3 ring of protection (left hand)
 A - a ring of protection from fire (right hand)
Wands
 o - a wand of polymorph (20)
 B - a wand of random effects (18)
 E - a wand of paralysis (9)
 G - a wand of iceblast (4)
Scrolls
 m - 4 scrolls of identify
 q - a scroll of magic mapping
 s - a scroll of blinking {unknown}
 t - a scroll of random uselessness
 u - a scroll of remove curse
 C - a scroll of fog
 D - a scroll of amnesia {unknown}
 H - a scroll of enchant weapon {unknown}
Potions
 d - a potion of might
 j - 2 potions of mutation {unknown}
 k - 2 potions of flight {unknown}
 l - a potion of heal wounds {unknown}
 p - 2 potions of magic {unknown}
 r - a potion of berserk rage {unknown}
 v - 3 potions of invisibility {unknown}
 x - a potion of haste {unknown}
 F - a potion of curing {unknown}
 K - a potion of agility {unknown}
 L - a potion of resistance {unknown}
 M - a potion of brilliance {unknown}
 N - 2 potions of degeneration {unknown}
Comestibles
 f - 10 rations


   Skills:
 + Level 5.1(10.1) Fighting
 + Level 6.5(11.5) Axes
 + Level 4.6(9.6) Armour
 + Level 1.8(6.8) Dodging
 - Level 1.1(6.1) Stealth
 + Level 5.8(10.8) Shields


You had 7 spell levels left.
You didn't know any spells.
Your spell library was empty.

Dungeon Overview and Level Annotations

Branches:
Dungeon (6/15)             Temple (1/1) D:5

Altars:
Ashenzari
Dithmenos
Elyvilon
Gozag
Hepliaklqana
Kikubaaqudgha
Nemelex Xobeh
Okawaru
Ru
Trog
Uskayaw
Vehumet
Wu Jian
Xom
Zin

Annotations:
D:4 3 runed doors, phizon's ghost, amateur MiMo


Innate Abilities, Weirdness & Mutations

You are resistant to torment.
Your stone body is resilient. (AC +5)
You are immune to poison.
You resist negative energy. (rN+)
You are resistant to electric shocks. (rElec)
You can survive without breathing.
You are immune to petrification.
You are immune to rotting.


Message History

You slash the freezing wraith!
The freezing wraith is moderately damaged.
You block the freezing wraith's attack. The freezing wraith hits you.
The freezing wraith drains your vigour!
You feel yourself slow down.
You hit the freezing wraith but do no damage.
The freezing wraith is moderately damaged.
The freezing wraith misses you. The freezing wraith closely misses you.
You are feeling hungry.
You slash the freezing wraith!
The freezing wraith is heavily damaged.
The freezing wraith closely misses you. The freezing wraith misses you.
You block the freezing wraith's attack. The freezing wraith hits you!
The freezing wraith drains your vigour!
You feel as though you will be slow longer.
You hit the freezing wraith.
The freezing wraith is severely damaged.
The freezing wraith hits you!
* * * LOW HITPOINT WARNING * * *
The freezing wraith freezes you!
You die...

*,,,,,,,,,,,##...##,,,,,,,#..
*,,,,,,,,,,,#.....#,,,,,,,#..
*,,,,,,,,,,,#.....#,,,,,,,#..
*,,,,,,,,,,,#.....#,,*****#..
*,,,,,,,,,,,##...##,,* #..
*,,,,,*####*###'######## #..
*,,,,,##...##....(##...## #..
*,,,,,#..(..#.....#.....# #..
*,,,,,#....W@..8..'.....# #..
*,,,,,#.....#.....#....)# #..
*,,,,,##...##.....##...## #).
##+##########.....#########..
#......##............#.......
#............##......#.......
#............#.......+.....##
#............#.......#.....#.
#............+.......#.....#.


You could see a freezing wraith.

Vanquished Creatures
  A wyvern (D:6)
  A hornet zombie (D:5)
  An orc warrior (D:6)
  An ice beast (D:6)
  Blork the orc (D:4)
  2 scorpions
  A howler monkey (D:4)
  A crimson imp (D:5)
  A centaur zombie (D:5)
  2 orc priests
  A hound (D:6)
  An orc wizard (D:5)
  3 iguanas
  3 worker ants
  A hound zombie (D:6)
  4 gnolls (D:3)
  8 adders
  4 oozes
  A worm (D:5)
  A dart slug (D:3)
  5 leopard geckos
  7 orcs
  A ball python (D:1)
  5 giant cockroaches
  15 goblins
  3 hobgoblins
  14 jackals
  3 quokkas
  14 bats
  4 frilled lizards
  4 kobolds
  A leopard gecko skeleton (D:5)
  7 rats
  2 fungi (D:4)
124 creatures vanquished.

Notes
Turn   | Place    | Note
-------+----------+-------------------------------------------
     0 | D:1      | Nurxa the Gargoyle Fighter began the quest for the Orb.
     0 | D:1      | Reached XP level 1. HP: 14/14 MP: 1/1
    95 | D:1      | You fall through a shaft!
   385 | D:2      | Reached XP level 2. HP: 19/19 MP: 2/2
   565 | D:2      | Reached XP level 3. HP: 23/23 MP: 3/3
   568 | D:2      | Reached skill level 2 in Axes
  1001 | D:1      | Reached XP level 4. HP: 25/28 MP: 4/4
  1636 | D:3      | Found a shadowy altar of Dithmenos.
  1777 | D:3      | Reached XP level 5. HP: 32/33 MP: 5/5
  1887 | D:3      | Reached skill level 3 in Axes
  2010 | D:4      | Found a runed gate.
  2058 | D:4      | Noticed Blork the orc
  2072 | D:4      | Killed Blork the orc
  2072 | D:4      | Reached skill level 1 in Dodging
  2072 | D:4      | Reached XP level 6. HP: 30/38 MP: 6/6
  2105 | D:4      | Found a runed gate.
  2105 | D:4      | Noticed an orc warrior
  2107 | D:4      | Found a runed gate.
  2109 | D:4      | Noticed phizon's ghost (amateur MiMo)
  2341 | D:4      | Reached skill level 4 in Axes
  2774 | D:4      | Reached skill level 1 in Stealth
  2910 | D:5      | Entered Level 5 of the Dungeon
  2927 | D:5      | Found a sacrificial altar of Ru.
  2937 | D:5      | Reached skill level 5 in Shields
  2937 | D:5      | Reached XP level 7. HP: 43/43 MP: 7/7
  3151 | D:5      | Found a staircase to the Ecumenical Temple.
  3167 | D:5      | Reached skill level 5 in Axes
  3179 | Temple   | Entered the Ecumenical Temple
  3204 | Temple   | Became a worshipper of Warmaster Okawaru
  3327 | D:5      | Found a sparkling altar of Nemelex Xobeh.
  3327 | D:5      | Found an opulent altar of Gozag.
  3608 | D:6      | Reached XP level 8. HP: 35/48 MP: 8/8
  3645 | D:6      | Found a radiant altar of Vehumet.
  3646 | D:6      | Found a white marble altar of Elyvilon.
  3646 | D:6      | Found a hazy altar of Hepliaklqana.
  3647 | D:6      | Found a shimmering altar of Xom.
  3726 | D:6      | Reached skill level 6 in Axes
  3812 | D:6      | Reached * piety under Okawaru
  3812 | D:6      | Reached skill level 5 in Fighting
  3844 | D:6      | Noticed a wyvern
  3857 | D:6      | Killed a wyvern
  4082 | D:6      | Noticed a freezing wraith
  4091 | D:6      | Mangled by a freezing wraith

Skill      XL: |  1  2  3  4  5  6  7  8 |
---------------+-------------------------+-----
Axes           | 2 3 4 5 6 |  6.5
Shields        | 4 5 |  5.8
Armour         | 4 |  4.6
Dodging        | 1 |  1.8
Stealth        | 1 |  1.1
Fighting       | 4 5 |  5.1

Action                   |  1- 3 |  4- 6 |  7- 9 || total
-------------------------+-------+-------+-------++-------
Melee: War axe           |   148 |   199 |   164 ||   511
Invok: Heroism           |       |       |     1 ||     1
Evoke: Wand              |       |     1 |     1 ||     2
  Use: Scroll            |     2 |     2 |     6 ||    10
 Stab: Held in net/web   |       |     1 |       ||     1
  Eat: Chunk             |     1 |     6 |     4 ||    11
Armor: Scale mail        |   126 |   122 |    92 ||   340
       Plate armour      |    19 |       |       ||    19
Dodge: Dodged            |    81 |    62 |    58 ||   201
Block: Shield            |   110 |   119 |    77 ||   306
